 Dungeon Crawl Stone Soup version 0.17.1-1-g73c8601 (webtiles) character file.

15106 Genom09 the Nimble (level 12, -4/84 HPs)
             Began as a Merfolk Transmuter on Dec 12, 2015.
             Was the Champion of Cheibriados.
             Killed from afar by Nergalle (23 damage)
             ... with a bolt of negative energy
             ... on level 2 of the Orcish Mines.
             The game lasted 01:36:01 (8900 turns).

Genom09 the Nimble (Merfolk Transmuter)             Turns: 8900, Time: 01:36:01

Health: -4/84      AC: 21    Str: 29    XL:     12   Next: 23%
Magic:  10/21      EV: 22    Int: 33    God:    Cheibriados [******]
Gold:   858        SH:  0    Dex: 30    Spells: 4 memorised, 12 levels left

rFire  x . .     SeeInvis +       - Unarmed
rCold  + + .     Clarity  +     S - +0 ice dragon armour
rNeg   . . .     SustAt   .     (shield currently unavailable)
rPois  .         Gourm    .     Q - +2 hat {SInv}
rElec  .         Spirit   .     o - +1 cloak
rCorr  .         Warding  .     (gloves currently unavailable)
rMut   .         Stasis   .     C - +0 pair of boots
MR     .....                    B - amulet of clarity
Stlth  +.........               t - +5 ring of intelligence
                                h - +5 ring of protection

@: blade hands, drained, very slow, not resistant to hostile enchantments, very
unstealthy
A: change form in water, swift swim
a: End Transformation, Bend Time, Temporal Distortion, Slouch, Step From Time,
Renounce Religion


You were on level 2 of the Orcish Mines.
You worshipped Cheibriados.
Cheibriados was exalted by your worship.
You were hungry.
You had blades for hands.
You visited 3 branches of the dungeon, and saw 13 of its levels.

You collected 998 gold pieces.
You spent 140 gold pieces at shops.

Inventory:

Missiles
 a - 159 arrows
Armour
 o - a +1 cloak (worn)
 y - a +1 pair of gloves (melded)
 C - a +0 pair of boots (worn)
 E - a +2 robe of magic resistance
 Q - a +2 hat of see invisible (worn)
 S - a +0 ice dragon armour (worn)
Jewellery
 h - a +5 ring of protection (left scythe-like blade)
 t - a +5 ring of intelligence (right scythe-like blade)
 w - an uncursed amulet of warding
 B - an amulet of clarity (around neck)
 G - an uncursed amulet of regeneration
 K - an uncursed ring of sustain attributes
Wands
 L - a wand of disintegration (5)
 W - a wand of heal wounds (0)
Scrolls
 f - 4 scrolls of remove curse
 k - 2 scrolls of enchant weapon
 m - 2 scrolls of fear {unknown}
 n - 4 scrolls of teleportation {unknown}
 r - a scroll of amnesia
 u - a scroll of blinking {unknown}
 x - a scroll of immolation
 O - a scroll of silence
 R - a scroll of magic mapping
 T - a scroll of vulnerability {unknown}
Potions
 g - 7 potions of curing {unknown}
 s - a potion of heal wounds
Books
 c - a book of Changes

   Spells                             Type                      Level
   a - Beastly Appendage              Transmutation                1
   b - Sticks to Snakes               Transmutation                2
   c - Spider Form                    Transmutation/Poison         3
   d - Ice Form                       Ice/Transmutation            4
   e - Blade Hands                    Transmutation                5
Miscellaneous
 X - an ornate deck of summoning {drawn: 2}
Comestibles
 b - 33 chunks of flesh
 M - 6 meat rations


   Skills:
 + Level 4.4(3.4) Fighting
 - Level 5.0(4.0) Armour
 * Level 11.8(10.5) Dodging
 * Level 10.5(9.3) Unarmed Combat
 - Level 6.0(4.9) Spellcasting
 + Level 10.6(9.4) Transmutations
 - Level 5.3(4.3) Poison Magic
 + Level 6.0(5.0) Invocations


You had 12 spell levels left.
You knew the following spells:

 Your Spells              Type           Power        Failure   Level  Hunger
a - Beastly Appendage     Trmt           ######       10%         1    None
b - Sticks to Snakes      Trmt           ######....   12%         2    None
c - Spider Form           Trmt/Pois      ######....   21%         3    None
d - Blade Hands           Trmt           ######....   45%         5    #####..


Dungeon Overview and Level Annotations

Branches:
Dungeon (10/15)            Temple (1/1) D:4             Orc (2/4) D:10
   Lair: D:8-11

Altars:
Ashenzari
Cheibriados
Dithmenos
Elyvilon
Fedhas
Gozag
Kikubaaqudgha
Makhleb
Nemelex Xobeh
Okawaru
Qazlal
Ru
Sif Muna
Trog
Vehumet
Xom
Yredelemnul
Zin
The Shining One
Beogh

Shops:
D:6 =   D:10 ?

Annotations:
Orc:2 Nergalle


Message History

Nergalle is almost dead.
The spectral orc knight closely misses you.
The spectral orc warrior closely misses you.
The spectral orc warrior hits your hell hound but does no damage.
Your hell hound bites the spectral orc warrior but does no damage.
Nergalle closely misses you.
The orc wizard gestures wildly while chanting.
The orc wizard seems to speed up.
You closely miss the orc wizard.
The orc wizard is heavily wounded.
Your red devil hops backward while attacking.
Your red devil hits Nergalle from afar with a trident!
Your hell hound bites the spectral orc warrior.
The orc priest hits you with a dagger.
* * * LOW HITPOINT WARNING * * *
You shred Nergalle!!!
Nergalle is almost dead.
Nergalle gestures at you while chanting.
The bolt of negative energy hits you!
You feel drained.
You die...

.........[....#
...............
..#..$.......#
#..).........
#.4.........
#.))..).....
##))o†......
##.[o@o)#....
#..hZ#Z..#...
##..#...#....
#......#....
##..........
###.........
##...........
#....).##....
##))...#....#


You could see Nergalle, a spectral orc warrior, a spectral orc knight, an orc
priest, an orc wizard (invisible), a friendly red devil and a friendly hell
hound.

Vanquished Creatures
  Gastronok (D:8)
  2 hydras
  A hill giant (D:10)
  2 orc knights (Orc:1)
  Pikel (D:9)
  An unseen horror (D:10)
  An ugly thing (D:9)
  Joseph (D:7)
  2 trolls
  Prince Ribbit (D:7)
  2 redbacks (Orc:1)
  Sigmund (D:4)
  2 tarantellas (Orc:1)
  7 yaks
  A deep elf mage (D:9)
  A steam dragon (D:9)
  Edmund (D:5)
  A warg (Orc:1)
  2 necrophages
  6 ogres
  An ice beast (D:8)
  A sky beast (D:8)
  4 slaves (D:9)
  17 orc warriors
  3 phantoms
  2 black bears
  2 centaurs
  4 big kobolds
  3 gnoll sergeants
  6 giant frogs
  5 scorpions
  A wyvern skeleton (D:5)
  4 wights (D:10)
  5 killer bees (D:10)
  12 orc priests
  3 crimson imps
  3 hounds
  A centaur zombie (D:8)
  Crazy Yiuf (D:5)
  A jelly (D:7)
  4 giant frog skeletons
  12 worker ants
  6 iguanas
  14 orc wizards
  2 sheep (D:8)
  A hound skeleton (D:8)
  14 gnolls
  3 adders
  3 shadow imps
  An adder zombie (D:4)
  2 oozes
  A worm (D:3)
  2 giant geckos
  95 orcs
  5 giant cockroaches
  A hobgoblin (D:3)
  3 jackals (D:3)
  2 quokkas
  A ball python (D:8)
  2 bats (D:3)
  3 giant newts
  2 gnoll zombies (D:8)
  7 goblins
  A jackal skeleton (D:7)
  12 kobolds
  8 rats
  5 fungi (D:8)
328 creatures vanquished.

Vanquished Creatures (collateral kills)
  Psyche (D:8)
  2 big kobolds (D:10)
  A jelly (D:7)
  Jessica (D:3)
  An orc priest (Orc:1)
  A giant gecko (D:7)
  10 kobolds (D:10)
17 creatures vanquished.

Vanquished Creatures (others)
  3 fungi (D:8)
3 creatures vanquished.

Grand Total: 348 creatures vanquished

Notes
Turn   | Place    | Note
--------------------------------------------------------------
     0 | D:1      | Genom09 the Merfolk Transmuter began the quest for the Orb.
     0 | D:1      | Reached XP level 1. HP: 15/15 MP: 3/3
   237 | D:1      | Reached XP level 2. HP: 12/21 MP: 3/5
   290 | D:1      | Learned a level 2 spell: Sticks to Snakes
   731 | D:2      | Reached skill level 4 in Transmutations
  1023 | D:3      | Reached XP level 3. HP: 26/26 MP: 4/6
  1035 | D:3      | Learned a level 3 spell: Spider Form
  1318 | D:3      | Reached skill level 5 in Transmutations
  1318 | D:3      | Reached skill level 1 in Poison Magic
  1318 | D:3      | Reached XP level 4. HP: 32/32 MP: 3/7
  1747 | D:3      | Noticed Jessica
  1756 | D:3      | Killed Jessica
  1985 | D:4      | Reached skill level 6 in Transmutations
  1985 | D:4      | Reached XP level 5. HP: 24/37 MP: 8/8
  1991 | D:4      | Found a staircase to the Ecumenical Temple.
  2008 | Temple   | Entered the Ecumenical Temple
  2105 | D:4      | Found a snail-covered altar of Cheibriados.
  2110 | D:4      | Became a worshipper of Cheibriados the Contemplative
  2154 | D:4      | Found a stormy altar of Qazlal.
  2243 | D:4      | Noticed a phantom
  2288 | D:4      | Killed a phantom
  2288 | D:4      | Reached XP level 6. HP: 23/43 MP: 3/9
  2318 | D:4      | Noticed Sigmund
  2321 | D:4      | Found a radiant altar of Vehumet.
  2330 | D:4      | Killed Sigmund
  2330 | D:4      | Reached skill level 7 in Transmutations
  2331 | D:4      | Found a deep blue altar of Sif Muna.
  2331 | D:4      | Found an ancient bone altar of Kikubaaqudgha.
  2338 | D:4      | Identified Sif Muna's Guide on Transformation
  2345 | D:4      | Identified Vehumet's Disquisition on Combat Magic
  2352 | D:4      | Identified Kikubaaqudgha's Incunabulum of Evil
  2569 | D:4      | Reached XP level 7. HP: 32/48 MP: 6/10
  2619 | D:4      | Noticed a phantom
  2635 | D:4      | Killed a phantom
  2635 | D:4      | Reached skill level 5 in Dodging
  2635 | D:4      | Reached skill level 5 in Unarmed Combat
  2815 | D:4      | Found a sparkling altar of Nemelex Xobeh.
  2875 | D:5      | Entered Level 5 of the Dungeon
  3059 | D:5      | Reached * piety under Cheibriados
  3171 | D:5      | Noticed Crazy Yiuf
  3178 | D:5      | Killed Crazy Yiuf
  3459 | D:5      | Noticed Edmund
  3485 | D:5      | Killed Edmund
  3485 | D:5      | Reached XP level 8. HP: 47/58 MP: 6/12
  3506 | D:5      | Learned a level 5 spell: Blade Hands
  3787 | D:6      | Reached skill level 8 in Transmutations
  3906 | D:6      | Found Miwel's Jewellery Shop.
  3935 | D:6      | Bought a cursed -3 ring of intelligence for 28 gold pieces
  4487 | D:7      | Reached ** piety under Cheibriados
  4506 | D:7      | Reached skill level 9 in Transmutations
  4663 | D:7      | Noticed Joseph
  4671 | D:7      | Killed Joseph
  4671 | D:7      | Reached XP level 9. HP: 52/65 MP: 8/14
  4867 | D:7      | Found a shimmering altar of Xom.
  4869 | D:7      | Found a shimmering altar of Xom.
  4869 | D:7      | Found a shimmering altar of Xom.
  4871 | D:7      | Found a shimmering altar of Xom.
  4872 | D:7      | Found a shimmering altar of Xom.
  4976 | D:7      | Reached *** piety under Cheibriados
  4988 | D:7      | Noticed Prince Ribbit
  5001 | D:7      | Killed Prince Ribbit
  5372 | D:8      | Noticed Gastronok
  5389 | D:8      | Killed Gastronok
  5389 | D:8      | Reached skill level 5 in Spellcasting
  5389 | D:8      | Reached skill level 10 in Transmutations
  5389 | D:8      | Reached skill level 5 in Poison Magic
  5389 | D:8      | Reached XP level 10. HP: 71/71 MP: 12/17
  5407 | D:8      | Noticed Psyche
  5420 | D:8      | Killed Psyche
  5562 | D:8      | Reached skill level 1 in Armour
  5562 | D:8      | Reached skill level 1 in Invocations
  5633 | D:8      | Found a burning altar of Makhleb.
  5643 | D:8      | Reached **** piety under Cheibriados
  5754 | D:8      | Found a glowing golden altar of the Shining One.
  5754 | D:8      | Found a white marble altar of Elyvilon.
  5754 | D:8      | Found a glowing silver altar of Zin.
  5967 | D:8      | Found a basalt altar of Yredelemnul.
  6108 | D:8      | Noticed a three-headed hydra
  6120 | D:8      | Killed a five-headed hydra
  6164 | D:9      | Noticed a seven-headed hydra
  6207 | D:9      | Reached XP level 11. HP: 77/77 MP: 13/18
  6255 | D:9      | Killed a seven-headed hydra
  6361 | D:9      | Reached ***** piety under Cheibriados
  6427 | D:9      | Noticed a brown ugly thing
  6437 | D:9      | Killed a brown ugly thing
  6437 | D:9      | Reached skill level 10 in Dodging
  6587 | D:9      | Noticed Pikel
  6592 | D:9      | Killed Pikel
  6592 | D:9      | Reached skill level 10 in Unarmed Combat
  6839 | D:9      | Found a roughly hewn altar of Beogh.
  6970 | D:9      | Found a shadowy altar of Dithmenos.
  7068 | D:10     | Entered Level 10 of the Dungeon
  7211 | D:10     | Reached ****** piety under Cheibriados
  7253 | D:10     | Found Muurcheyxt's Magic Scroll Boutique.
  7256 | D:10     | Bought a scroll of identify for 28 gold pieces
  7256 | D:10     | Bought a scroll of identify for 28 gold pieces
  7256 | D:10     | Bought a scroll of fog for 28 gold pieces
  7256 | D:10     | Bought a scroll of identify for 28 gold pieces
  7258 | D:10     | Identified a scroll of acquirement
  7295 | D:10     | Noticed a hill giant
  7318 | D:10     | Killed a hill giant
  7484 | D:10     | Found an iron altar of Okawaru.
  7562 | D:10     | Found a staircase to the Orcish Mines.
  7641 | D:10     | Noticed an unseen horror
  7644 | D:10     | Killed an unseen horror
  7644 | D:10     | Reached skill level 5 in Invocations
  7834 | Orc:1    | Entered Level 1 of the Orcish Mines
  7889 | Orc:1    | Noticed an orc knight
  7911 | Orc:1    | Killed an orc knight
  7911 | Orc:1    | Reached skill level 11 in Dodging
  8248 | Orc:1    | Noticed an orc knight
  8278 | Orc:1    | Killed an orc knight
  8278 | Orc:1    | Reached XP level 12. HP: 29/83 MP: 16/21
  8281 | Orc:1    | Reached skill level 5 in Armour
  8831 | Orc:2    | Found a bloodstained altar of Trog.
  8880 | Orc:2    | Noticed Nergalle
  8900 | Orc:2    | Killed from afar by Nergalle

Action                   |  1- 3 |  4- 6 |  7- 9 | 10-12 || total
-------------------------+-------+-------+-------+-------++-------
Melee: Unarmed           |    80 |   114 |   282 |   416 ||   892
 Cast: Beastly Appendage |    14 |     6 |     8 |    16 ||    44
       Sticks to Snakes  |     2 |     4 |     5 |    13 ||    24
       Spider Form       |     1 |     8 |    19 |     4 ||    32
       Blade Hands       |       |       |     5 |    30 ||    35
Invok: Bend Time         |       |       |       |     3 ||     3
       Slouch            |       |       |       |     1 ||     1
 Abil: End Transformatio |       |       |       |     3 ||     3
Evoke: Wand              |       |       |     1 |     4 ||     5
       Deck              |       |       |       |     2 ||     2
  Use: Scroll            |       |       |     9 |     4 ||    13
 Stab: Sleeping          |     3 |     3 |     1 |     3 ||    10
       Distracted        |       |     1 |     3 |     2 ||     6
  Eat: Chunk             |     2 |     5 |    10 |    15 ||    32
